 Dungeon Crawl Stone Soup version 0.29-a0-416-g83a48905f1 (webtiles) character file.

Game seed: 15845593528798676838

282 croobank the Sneak (level 6, -11/58 HPs)
             Began as an Octopode Fire Elementalist on May 16, 2022.
             Was an Initiate of Gozag.
             Killed from afar by a gargoyle (18 damage)
             ... with a stone arrow
             ... on level 5 of the Dungeon.
             The game lasted 00:15:19 (3621 turns).

croobank the Sneak (Octopode Fire Elementalist)     Turns: 3621, Time: 00:15:23

Health: -11/58     AC: 23    Str:  7    XL:     6   Next: 28%
Magic:  2/10       EV:  2    Int: 25    God:    Gozag
Gold:   141        SH:  0    Dex: 13    Spells: 8/11 levels left

rFire   . . .      SeeInvis .   a - +2 hand axe (elec)
rCold   + . .      Faith    .   (no shield)
rNeg    . . .      Spirit   .   (helmet currently unavailable)
rPois   +          Reflect  .   n - amulet of regeneration
rElec   .          Harm     .   l - ring of protection from cold
rCorr   .          Rampage  .   m - +6 ring of intelligence
Will    .....      NoTele   +   (no ring)
Stlth   +++.......              (no ring)
HPRegen 0.99/turn               (no ring)
MPRegen 0.12/turn               (no ring)
                                (no ring)
                                (no ring)

@: mighty, tree-form
A: stationary, stasis, torment immunity, boosted hp, almost no armour,
(amphibious), 8 rings, (camouflage 1), (gelatinous body 1), (nimble swimmer 1),
(tentacles)
a: Renounce Religion, Potion Petition, Call Merchant, Bribe Branch


You were on level 5 of the Dungeon.
You worshipped Gozag.
Gozag was aware of your devotion.
You were a tree.
You visited 1 branch of the dungeon, and saw 5 of its levels.

You collected 183 gold pieces.
You paid 42 gold pieces to Gozag.

Inventory:

Hand Weapons
 a - a +2 hand axe of electrocution (weapon)
 d - a +0 flail
 e - a +0 rapier
 r - a +0 vorpal falchion
Missiles
 h - 6 datura-tipped darts (quivered)
 j - 95 stones
Jewellery
 l - a ring of protection from cold (left branch)
 m - a +6 ring of intelligence (right branch)
 n - an amulet of regeneration (around neck)
 p - an amulet of the acrobat
 u - a ring of fire
 w - an amulet of guardian spirit
Scrolls
 g - a scroll of vulnerability
 i - a scroll of fog
 v - a scroll of magic mapping {unknown}
Potions
 b - a potion of magic
 k - a potion of flight
 o - 2 potions of mutation
 s - a potion of curing


   Skills:
 + Level 1.8 Fighting
 + Level 3.0 Dodging
 + Level 4.6 Stealth
 + Level 3.0 Spellcasting
 + Level 2.6 Conjurations
 + Level 3.9 Fire Magic


You had 8 spell levels left.
You knew the following spells:

 Your Spells              Type           Power      Damage    Failure   Level
a - Foxfire               Conj/Fire      80%        2x1d8     2%          1
b - Scorch                Fire           46%        2d7       3%          2

Your spell library contained the following spells:

 Spells                   Type           Power      Damage    Failure   Level
 Conjure Flame            Conj/Fire      20%        6-21      8%          3
 Inner Flame              Hex/Fire       13%        N/A       14%         3
 Flame Wave               Conj/Fire      20%        2d7       26%         4
 Gell's Gravitas          Tloc           3%         N/A       30%         3
 Lesser Beckoning         Tloc           3%         N/A       30%         3
 Teleport Other           Tloc           3%         N/A       30%         3


Dungeon Overview and Level Annotations

Branches:
Dungeon (5/15)
 Temple: D:4-7

Altars:
Gozag
Zin

Shops:
D:1 !   D:3 (


Innate Abilities, Weirdness & Mutations

You are a tree.
Your roots penetrate the ground, keeping you stationary.
You cannot be teleported.
You are immune to unholy pain and torment.
Your maximum health is greatly increased.
You cannot wear most types of armour.
((You are amphibious.))
You can wear up to eight rings at the same time.
((Your skin changes colour to match your surroundings (Stealth+).))
((Your rubbery body absorbs attacks. (AC +1, EV +1)))
((You are camouflaged when in or above water. (Stealth+)))
((You have tentacles for arms and can constrict up to eight enemies at once.))


Message History

The gargoyle hits you with a +0 mace!!
Ouch! That really hurt!
The gargoyle hurls a stone arrow at you.
The stone arrow misses you.
You turn into a tree.
Your roots penetrate the ground.
You lose your grip on the gargoyle.
The gargoyle hurls a stone arrow at you.
The stone arrow hits you but does no damage.
You feel very mighty all of a sudden. The gargoyle hits you with a +0 mace.
* * * LOW HITPOINT WARNING * * *
You hit the gargoyle but do no damage.
The gargoyle is lightly damaged.
The gargoyle hurls a stone arrow at you.
The stone arrow hits you!
* * * LOW HITPOINT WARNING * * *
Okay, then.
Okay, then.
It was a potion of curing.
You feel better. The gargoyle hits you with a +0 mace!
* * * LOW HITPOINT WARNING * * *
You aren't carrying any items that you can evoke.
Casting: Scorch (safe; 3% risk of failure)
Confirm with . or Enter, or press ? or * to list all spells.
Okay, then.
Casting: Scorch (safe; 3% risk of failure)
Confirm with . or Enter, or press ? or * to list all spells.
Flames lash the gargoyle.
The gargoyle is moderately damaged.
The gargoyle's fire resistance burns away.
The gargoyle hits you with a +0 mace.
* * * LOW HITPOINT WARNING * * *
Casting: Scorch (safe; 3% risk of failure)
Confirm with . or Enter, or press ? or * to list all spells.
Flames lash the gargoyle.
The gargoyle is burned terribly!
The gargoyle is moderately damaged.
The gargoyle hurls a stone arrow at you.
The stone arrow hits you!!
You die...
Your body crumbles into a pile of gold.

......##.....≈ #
............#
.#.##........)^.
.............# .
## #...!....##..
...###...........#
.....#.##.........
.......##........#
..##..#♣.....##. .
##.9......#
#.....#.###
#....#### ###..#
.... ##.... ##....
...##


You could see a gargoyle (combustible).

Vanquished Creatures
  Menkaure (D:4)
  2 orc wizards (D:3)
  Natasha (D:2)
  2 adders (D:3)
  6 orcs (D:3)
  7 ball pythons
  6 bats
  4 endoplasms
  4 giant cockroaches
  A goblin (D:2)
  8 hobgoblins
  3 jackals
  4 quokkas
  2 frilled lizards
  6 kobolds
  8 rats
65 creatures vanquished.

Vanquished Creatures (others)
  66 foxfires
66 creatures vanquished.

Grand Total: 131 creatures vanquished

Notes
Turn   | Place    | Note
-------+----------+-------------------------------------------
     0 | D:1      | croobank the Octopode Fire Elementalist began the quest for
                  | the Orb.
     0 | D:1      | Reached XP level 1. HP: 11/11 MP: 3/3
   186 | D:1      | Found Qiuneqai's Distillery.
   231 | D:1      | Reached XP level 2. HP: 13/17 MP: 1/5
   239 | D:1      | Reached skill level 3 in Stealth
   314 | D:1      | Learned a level 2 spell: Scorch
  1039 | D:2      | Reached XP level 3. HP: 21/21 MP: 4/6
  1070 | D:2      | Identified the +1 robe "Zesoadoe" {+Inv rC+ Dex+3}
  1302 | D:2      | Noticed Natasha
  1309 | D:2      | Killed Natasha
  1517 | D:2      | Reached XP level 4. HP: 27/27 MP: 4/7
  1595 | D:2      | Found a glowing silver altar of Zin.
  1704 | D:3      | Found a faded altar of an unknown god.
  2013 | D:3      | Found Zoadais's Weapon Boutique.
  2387 | D:3      | Reached skill level 1 in Fighting
  2447 | D:3      | Reached skill level 4 in Stealth
  2447 | D:3      | Reached XP level 5. HP: 33/33 MP: 0/8
  2737 | D:4      | Found an opulent altar of Gozag.
  2851 | D:4      | Became a worshipper of Gozag Ym Sagoz the Greedy
  2962 | D:4      | Noticed Menkaure
  2968 | D:4      | Killed Menkaure
  2969 | D:4      | Reached XP level 6. HP: 24/39 MP: 4/10
  3132 | D:4      | Identified the +0 plate armour "Ycro" {Int+6 Dex-4 Stlth+}
  3565 | D:5      | Entered Level 5 of the Dungeon
  3596 | D:5      | Noticed a gargoyle
  3621 | D:5      | Killed from afar by a gargoyle

Illustrated notes

Levels and vault maps discovered:
D:1:      evilmike_arrival_crescent, layout_loops_ring, serial_shops,
          nicolae_shop_crystal
D:2:      layout_loops_ring, basic_altar, minmay_pentomino_t4, uniq_natasha
D:3:      layout_loops_cross, serial_shops, shop, ebering_ecumenical_altar_mist
D:4:      layout_basic, grunt_gozag_breadcrumbs, minmay_crystal_room,
          uniq_menkaure
D:5:      layout_cave_pools, serial_rivers, chequers_serial_rivers_micro_a,
          chequers_serial_rivers_micro_a, chequers_serial_rivers_small_3,
          chequers_serial_rivers_large_b, chequers_serial_rivers_marsh,
          chequers_serial_rivers_room_b, corexii_hall_statues_x, minivault_23,
          amcnicky_mini_corridor_feature

Skill      XL: |  1  2  3  4  5 |
---------------+----------------+-----
Stealth        | 3 4 |  4.6
Conjurations   | 2 |  2.6
Fighting       | 1 |  1.8
Dodging        | 3 |  3.0
Spellcasting   | 3 |  3.0
Fire Magic     | |  3.9

Action                   |  1- 3 |  4- 6 || total
-------------------------+-------+-------++-------
Melee: Tentacles         |     4 |     2 ||     6
       Flail             |     3 |       ||     3
       Unarmed           |     3 |       ||     3
       Constrict         |     4 |     1 ||     5
       Hand axe          |    21 |    22 ||    43
 Cast: Foxfire           |    19 |    22 ||    41
       Scorch            |     7 |    19 ||    26
  Use: Scroll            |     1 |     9 ||    10
       Potion            |       |     7 ||     7
 Stab: Sleeping          |     3 |     5 ||     8
Armor: Skin              |     7 |     2 ||     9
Dodge: Dodged            |    25 |    10 ||    35

Table legend: (Time is in decaauts)
 A = Elapsed time spent in this place.
 B = Non-inter-level travel time spent in this place.
 C = Inter-level travel time spent in this place.
 D = Time resting spent in this place.
 E = Time spent auto-exploring this place.
 F = Levels seen in this place.
 G = Mean time per level.
                   A        B        C        D        E       F      G
               +--------+--------+--------+--------+--------+-----+--------+
         Total |   3633 |   3541 |     92 |    248 |   2730 |   5 |  726.6 |
       Dungeon |   3633 |   3541 |     92 |    248 |   2730 |   5 |  726.6 |
               +--------+--------+--------+--------+--------+-----+--------+

Top non-repeatable levels by time:
     D:4: 1025 daAuts
     D:1: 922 daAuts
     D:3: 868 daAuts
     D:2: 783 daAuts
     D:5: 33 daAuts
